 Dungeon Crawl Stone Soup version 0.31-a0-1074-g0b22e4e0f1 (webtiles) character file.

Game seed: 2560720557748511402

5041 wildpjah the Cleaver (level 10, -2/88 HPs)
             Began as a Minotaur Fighter on Nov 27, 2023.
             Was a High Priest of Okawaru.
             Constricted to death by Erica (3 damage)
             ... on level 9 of the Dungeon.
             The game lasted 00:15:00 (6332 turns).

wildpjah the Cleaver (Minotaur Fighter)             Turns: 6332, Time: 00:15:02

Health: -2/88      AC: 23    Str: 23    XL:     10   Next: 30%
Magic:  9/9        EV:  7    Int:  5    God:    Okawaru [*****.]
Gold:   403        SH:  5    Dex: 12    Spells: 9/9 levels left

rFire   . . .        L - +1 war axe
rCold   . . .        c - +0 buckler
rNeg    . . .        D - +8 chain mail {ponderous}
rPois   .            (helmet restricted)
rElec   .            (no cloak)
rCorr   .            q - +0 pair of gloves
SInv    .            y - +1 pair of boots
Will    .....        u - amulet of the acrobat Stlth
                     (no ring)
HPRegen 0.34/turn    (no ring)
MPRegen 0.11/turn

%: acrobat
@: mighty, lethally poisoned (-2 -> -12), constricted, slow
A: horns 2, retaliatory headbutt
a: Renounce Religion, Heroism, Finesse, Duel


You were on level 9 of the Dungeon.
You worshipped Okawaru.
Okawaru was extremely pleased with you.
You visited 2 branches of the dungeon, and saw 11 of its levels.

You collected 403 gold pieces.

Inventory:

Hand Weapons
 a - a +0 war axe
 C - a +0 dire flail of protection
 J - a +0 vampiric whip
 L - a +1 war axe (weapon)
Missiles
 t - 2 silver javelins (quivered)
Armour
 b - a +0 scale mail
 c - a +0 buckler (worn)
 q - a +0 pair of gloves (worn)
 y - a +1 pair of boots (worn)
 D - a +8 chain mail of ponderousness (worn)
Jewellery
 u - an amulet of the acrobat (around neck)
 E - a ring of poison resistance
 I - a ring of ice
 K - a ring of wizardry
 O - an amulet of magic regeneration
Wands
 w - a wand of paralysis (2)
Scrolls
 f - 6 scrolls of identify
 j - 2 scrolls of torment {unknown}
 l - 3 scrolls of poison {unknown}
 m - 5 scrolls of teleportation {unknown}
 o - 2 scrolls of blinking {unknown}
 p - 4 scrolls of amnesia {unknown}
 r - a scroll of summoning {unknown}
 v - a scroll of brand weapon {unknown}
 x - a scroll of enchant armour {unknown}
 F - a scroll of noise {unknown}
 H - 2 scrolls of fear {unknown}
 N - a scroll of silence {unknown}
Potions
 d - a potion of might
 g - a potion of degeneration {unknown}
 h - 3 potions of attraction {unknown}
 i - 3 potions of heal wounds {unknown}
 k - 4 potions of curing {unknown}
 n - 2 potions of ambrosia {unknown}
 s - 3 potions of haste {unknown}
 z - 2 potions of cancellation {unknown}
 A - 3 potions of brilliance {unknown}
 B - 2 potions of lignification {unknown}
 G - a potion of enlightenment {unknown}
 M - a potion of berserk rage {unknown}


   Skills:
 + Level 7.9 Fighting
 + Level 12.0 Axes
 + Level 2.0 Throwing
 + Level 9.3 Armour
 + Level 3.9 Dodging
 + Level 2.1 Stealth
 + Level 6.7 Shields
 + Level 0.1 Invocations
 + Level 0.5 Evocations


You had 9 spell levels left.
You didn't know any spells.
Your spell library contained the following spells:

 Spells                   Type           Power      Damage    Failure   Level
 Slow                     Hex            0%         N/A       96%         1
 Lesser Beckoning         Tloc           0%         N/A       99%         2
 Confusing Touch          Hex            0%         N/A       100%        3
 Gell's Gravitas          Tloc           0%         N/A       100%        3
 Hailstorm                Conj/Ice       0%         3d3       100%        3
 Sigil of Binding         Hex            0%         N/A       100%        3
 Stone Arrow              Conj/Erth      0%         3d7       100%        3
 Teleport Other           Tloc           0%         N/A       100%        3
 Vampiric Draining        Necr           0%         2d6       100%        3
 Lehudib's Crystal Spear  Conj/Erth      0%         10d2      100%        8
 Animate Armour           Summ/Erth      Unusable   N/A       N/A         4
 Summon Ice Beast         Ice/Summ       Unusable   N/A       N/A         4
 Simulacrum               Ice/Necr       Unusable   N/A       N/A         6

Dungeon Overview and Level Annotations

Branches:
Dungeon (10/15)            Temple (1/1) D:4
   Lair: D:8-11         Orc: D:9-12

Altars:
Cheibriados
Dithmenos
Elyvilon
Fedhas
Gozag
Hepliaklqana
Kikubaaqudgha
Makhleb
Nemelex Xobeh
Okawaru
Qazlal
Ru
Sif Muna
Trog
Uskayaw
Vehumet
Wu Jian
Xom
Yredelemnul
Zin
The Shining One

Shops:
D:6 =   D:7 ?

Annotations:
D:9 Erica


Innate Abilities, Weirdness & Mutations

You have a pair of horns on your head.
You reflexively headbutt those who attack you in melee.


Message History

Erica the Fiery-Tempered comes into view.
She is wielding a +3 scimitar of flaming.
Erica boasts, "If terror be the object, I am a masterpiece!"
Items here: ))) [ †††.
Press: ? - help, v - describe, . - travel
Here: Erica, wielding a +3 scimitar of flaming and wearing a ring of resist corrosion The floor.
Unknown command.
Throw: 4 javelins (silver)
Press: ? - help, Q - select action, (/) - cycle Shift-Dir - straight line, f - Erica
Aim: Erica, wielding a +3 scimitar of flaming and wearing a ring of resist corrosion (55% to hit)
You throw a silver javelin. The silver javelin barely misses Erica.
Throw: 3 javelins (silver)
Press: ? - help, Q - select action, (/) - cycle Shift-Dir - straight line, f/p - Erica
Aim: Erica, wielding a +3 scimitar of flaming and wearing a ring of resist corrosion (55% to hit)
You throw a silver javelin.
The silver javelin pierces through Erica!
Erica is lightly wounded.
Erica mumbles some strange words.
Erica flickers and vanishes!
Deactivating autopickup; reactivate with Ctrl-A.
You slash something! Your headbutt misses something.
You hear some strange, mumbled words.
A bolt of poison appears from out of thin air!
The bolt of poison hits you!!
You are poisoned.
You barely miss something.
You feel very sick. Something hits you.
* * * LOW HITPOINT WARNING * * *
Something burns you.
* * * LOW HITPOINT WARNING * * *
Something grabs you.
You are constricted.
You feel very mighty all of a sudden.
You feel very sick. Something hits you!
* * * LOW HITPOINT WARNING * * *
Something burns you.
* * * LOW HITPOINT WARNING * * *
You are constricted.
You die...

,,,,,,,,,**,,,,,,,,,,* *,,,,*
*,********#..........##
**,,,** *,*
#..(........#**,,,,*
*,********#...........#*,,,,,*
,,,,,,,,,,+...........#*?*,,,*
***,,****##..........#*..*****
*,,,,,,,,............#..#*
*,**^*****#(....{......#*
*,**,,,* #.....@)...#**
*,***#.#####+####).### *,*
#..####.##..†## *,*
##.####.#..#### ,,*
##....#.#.##### ***
#####.#.#.#####
#####.#<..#####
#####....######
######..#######


There were no monsters in sight!

Vanquished Creatures
  A two-headed ogre (D:9)
  Psyche (D:9)
  A troll (D:5)
  Sigmund (D:4)
  3 yaks (D:9)
  Eustachio (D:4)
  A steam dragon (D:6)
  Edmund (D:5)
  2 water moccasins
  An ice beast (D:5)
  An ogre (D:5)
  5 black bears
  2 centaurs
  3 phantoms (D:5)
  2 bullfrogs
  A gnoll sergeant (D:7)
  A kobold brigand (D:6)
  2 scorpions
  3 wights (D:7)
  10 killer bees
  5 howler monkeys
  A hound (D:5)
  An orc priest (D:7)
  2 jellies (D:5)
  A gnoll bouda (D:6)
  2 iguanas
  Natasha (thrice) (D:2)
  2 orc wizards
  5 adders
  17 gnolls
  6 ufetubi
  A worm (D:3)
  5 dart slugs
  10 orcs
  5 endoplasms
  2 giant cockroaches
  6 goblins
  4 hobgoblins
  7 jackals
  3 quokkas
  6 ball pythons
  2 bats (D:2)
  A frilled lizard (D:1)
  7 kobolds
  7 rats
154 creatures vanquished.

Notes
Turn   | Place    | Note
-------+----------+-------------------------------------------
     0 | D:1      | wildpjah the Minotaur Fighter began the quest for the Orb.
     0 | D:1      | Reached XP level 1. HP: 19/19 MP: 0/0
   243 | D:1      | Reached XP level 2. HP: 27/27 MP: 1/1
   813 | D:2      | Noticed Natasha
   822 | D:2      | Killed Natasha
   823 | D:2      | Reached skill level 3 in Axes
   823 | D:2      | Reached XP level 3. HP: 21/33 MP: 2/2
   915 | D:2      | Noticed Natasha
   928 | D:2      | Killed Natasha
   929 | D:2      | Reached skill level 1 in Dodging
   929 | D:2      | Reached XP level 4. HP: 16/40 MP: 3/3
   983 | D:2      | Noticed Natasha
   987 | D:2      | Killed Natasha
  1159 | D:2      | Noticed a scorpion
  1168 | D:2      | Killed a scorpion
  1169 | D:2      | Reached skill level 4 in Axes
  1169 | D:2      | Reached skill level 5 in Armour
  1169 | D:2      | Reached XP level 5. HP: 19/47 MP: 4/4
  1305 | D:2      | Found a faded altar of an unknown god.
  2360 | D:4      | Noticed Sigmund
  2361 | D:4      | Noticed Eustachio
  2390 | D:4      | Killed Sigmund
  2391 | D:4      | Reached skill level 5 in Axes
  2391 | D:4      | Reached XP level 6. HP: 53/53 MP: 5/5
  2405 | D:4      | Killed Eustachio
  2406 | D:4      | Reached skill level 6 in Axes
  2406 | D:4      | Reached XP level 7. HP: 10/60 MP: 6/6
  2629 | D:4      | Found a staircase to the Ecumenical Temple.
  2645 | Temple   | Entered the Ecumenical Temple
  2660 | Temple   | Became a worshipper of Warmaster Okawaru
  2711 | D:4      | Reached skill level 5 in Fighting
  2891 | D:4      | Found a large runed translucent door.
  2899 | D:4      | Found a large runed translucent door.
  3190 | D:4      | Found a stormy altar of Qazlal.
  3198 | D:4      | Found a basalt altar of Yredelemnul.
  3232 | D:5      | Entered Level 5 of the Dungeon
  3276 | D:5      | Noticed Edmund
  3300 | D:5      | Killed Edmund
  3311 | D:5      | Reached skill level 1 in Stealth
  3314 | D:5      | Reached * piety under Okawaru
  3315 | D:5      | Reached skill level 7 in Axes
  3316 | D:5      | Reached skill level 1 in Throwing
  3316 | D:5      | Reached XP level 8. HP: 40/69 MP: 7/7
  3357 | D:5      | Reached skill level 8 in Axes
  3552 | D:5      | Found a bloodstained altar of Trog.
  3559 | D:5      | Found a shadowy altar of Dithmenos.
  3677 | D:5      | Reached skill level 5 in Shields
  3890 | D:5      | Noticed a troll
  3900 | D:5      | Killed a troll
  3900 | D:5      | Reached ** piety under Okawaru
  3980 | D:5      | Found a burning altar of Makhleb.
  4113 | D:6      | Found Qolesma's Jewellery Shop.
  4255 | D:6      | Reached skill level 9 in Axes
  4255 | D:6      | Reached XP level 9. HP: 55/78 MP: 8/8
  5130 | D:7      | Reached *** piety under Okawaru
  5191 | D:7      | Reached skill level 10 in Axes
  5220 | D:7      | Found Iluahi's Magic Scroll Emporium.
  5610 | D:7      | Found a blossoming altar of Fedhas.
  6110 | D:8      | You fall into a shaft and drop 2 floors!
  6110 | D:10     | Entered Level 10 of the Dungeon
  6140 | D:10     | Reached skill level 11 in Axes
  6295 | D:9      | Noticed a two-headed ogre
  6297 | D:9      | Noticed Psyche
  6302 | D:9      | Killed Psyche
  6308 | D:9      | Killed a two-headed ogre
  6308 | D:9      | Reached **** piety under Okawaru
  6309 | D:9      | Reached XP level 10. HP: 71/88 MP: 6/9
  6325 | D:9      | Reached ***** piety under Okawaru
  6326 | D:9      | Reached skill level 12 in Axes
  6326 | D:9      | Noticed Erica
  6332 | D:9      | HP: 1/88 [something (5)]
  6332 | D:9      | Constricted to death by Erica

Illustrated notes

Levels and vault maps discovered:
D:1:      shiori_arrival_oz, layout_loops_ring
D:2:      layout_loops_ring, hellmonk_ecumenical_altar_zigzags, uniq_natasha
D:3:      layout_basic
D:4:      layout_loops_ring, jmf_multi_god_temple2,
          minmay_temple_entry_junction, serial_forest,
          infiniplex_forest_clump_C, infiniplex_forest_corner_1,
          infiniplex_forest_end_2, infiniplex_forest_straight_3,
          infiniplex_forest_corner_1, infiniplex_forest_clump_double,
          uniq_eustachio, uniq_sigmund
D:5:      layout_basic, mainiacjoe_overflow_big_doors, bloody_makhleb,
          minmay_starry_boxes, uniq_edmund
D:6:      layout_loops_ring, serial_shops, nicolae_take_the_stairs,
          nicolae_titane
D:7:      layout_basic, mainiacjoe_overflow_small_starburst, serial_shops, shop
D:8:      layout_basic, uniq_grum
D:9:      layout_basic, enter_bailey_5, uniq_erica, uniq_psyche
D:10:     layout_basic, nicolae_overflow_hidden_temple,
          chequers_serial_rivers_large_b, uniq_sonja, uniq_harold
Temple:   regret_index_temple_waves

Skill      XL: |  1  2  3  4  5  6  7  8  9 10 |
---------------+-------------------------------+-----
Fighting       | 4 5 6 7 |  7.9
Armour         | 4 5 6 7 9 |  9.3
Axes           | 3 4 5 6 7 9 11 12 | 12.0
Dodging        | 1 2 3 |  3.9
Shields        | 4 5 6 |  6.7
Stealth        | 1 2 |  2.1
Throwing       | 1 2 |  2.0
Invocations    | |  0.1
Evocations     | |  0.5

Action                     |  1- 3 |  4- 6 |  7- 9 | 10-12 || total
---------------------------+-------+-------+-------+-------++-------
  Melee: War axe           |    56 |    68 |   258 |    19 ||   401
         Headbutt          |    11 |    14 |    43 |     4 ||    72
  Throw: Javelin           |       |     3 |    10 |     2 ||    15
 Invoke: Heroism           |       |       |     1 |       ||     1
  Evoke: Wand              |       |     2 |     1 |       ||     3
    Use: Scroll            |       |       |     2 |       ||     2
         Potion            |       |       |       |     1 ||     1
   Stab: Paralysed         |       |       |     3 |       ||     3
 Armour: Scale mail        |    40 |    44 |    40 |       ||   124
         Chain mail        |       |       |   186 |    11 ||   197
  Dodge: Dodged            |    20 |    38 |   182 |     8 ||   248
  Block: Buckler           |    11 |    17 |    67 |     6 ||   101

Table legend: (Time is in decaauts)
 A = Elapsed time spent in this place.
 B = Non-inter-level travel time spent in this place.
 C = Inter-level travel time spent in this place.
 D = Time resting spent in this place.
 E = Time spent auto-exploring this place.
 F = Levels seen in this place.
 G = Mean time per level.
                   A        B        C        D        E       F      G
               +--------+--------+--------+--------+--------+-----+--------+
         Total |   6639 |   6491 |    148 |    166 |   5285 |  11 |  603.5 |
       Dungeon |   6608 |   6488 |    120 |    166 |   5285 |  10 |  660.8 |
        Temple |     30 |      2 |     28 |      0 |      0 |   1 |   30.0 |
               +--------+--------+--------+--------+--------+-----+--------+

Top non-repeatable levels by time:
     D:7: 1076 daAuts
     D:6: 1060 daAuts
     D:4: 1012 daAuts
     D:2: 1005 daAuts
     D:5: 911 daAuts
     D:1: 658 daAuts
     D:3: 580 daAuts
    D:10: 221 daAuts
     D:9: 41 daAuts
     D:8: 40 daAuts
  Temple: 30 daAuts
